 Dungeon Crawl Stone Soup version 0.21-a0-414-gba8bdf1 (webtiles) character file.

32 Xenofane the Magician (level 3, -4/24 HPs)
             Began as a Human Wizard on Nov 2, 2017.
             Slain by an orc
             ... wielding a +0 war axe
              (9 damage)
             ... on level 2 of the Dungeon.
             The game lasted 00:04:01 (2081 turns).

Xenofane the Magician (Human Wizard)                Turns: 2081, Time: 00:04:03

Health: -4/24      AC:  2    Str:  7    XL:     3   Next: 45%
Magic:  8/8        EV: 12    Int: 19    God:
Gold:   30         SH:  0    Dex: 11    Spells: 4/9 levels left

rFire    . . .     SeeInvis .   n - +0 long sword
rCold    . . .     Gourm    .   (no shield)
rNeg     . . .     Faith    .   a - +0 robe
rPois    .         Spirit   .   b - +0 hat
rElec    .         Reflect  .   (no cloak)
rCorr    .         Harm     .   (no gloves)
MR       .....                  (no boots)
Stlth    +.........             (no amulet)
HPRegen  0.08/turn              (no ring)
MPRegen  0.11/turn              (no ring)

@: confused
A: no striking features
a: no special abilities


You were on level 2 of the Dungeon.
You were not hungry.

You visited 1 branch of the dungeon, and saw 2 of its levels.

You collected 30 gold pieces.

Inventory:

Hand Weapons
 f - a +0 spear
 g - a +0 dagger
 n - a +0 long sword (weapon)
Armour
 a - a +0 robe (worn)
 b - a +0 hat (worn)
Jewellery
 o - a cursed ring of teleportation {unknown}
Scrolls
 e - a scroll of fog {unknown}
 i - 3 scrolls of recharging {unknown}
 p - a scroll of immolation {unknown}
Potions
 h - a potion of lignification
 k - a potion of mutation {unknown}
 l - a potion of curing {unknown}
Books
 c - a book of Minor Magic

   Spells                             Type                      Level
   a - Magic Dart                     Conjuration                  1
   b - Blink                          Translocation                2
   c - Call Imp                       Summoning                    2
   d - Slow                           Hexes                        2
   e - Conjure Flame                  Conjuration/Fire             3
   f - Mephitic Cloud                 Conjuration/Poison/Air       3
Comestibles
 d - a bread ration
 m - 3 chunks of flesh


   Skills:
 - Level 2.0 Dodging
 - Level 2.0 Stealth
 * Level 3.9 Spellcasting
 * Level 1.5 Conjurations
 - Level 1.0 Summonings
 - Level 1.0 Translocations


You had 4 spell levels left.
You knew the following spells:

 Your Spells              Type           Power        Failure   Level  Hunger
a - Magic Dart            Conj           #...         8%          1    None
b - Blink                 Tloc           N/A          14%         2    ##.....
c - Call Imp              Summ           #.......     14%         2    ##.....


Dungeon Overview and Level Annotations

Branches:
Dungeon (2/15)

Altars:


Message History

You are confused.
You feel invigorated.
The orc shouts!
The hobgoblin shouts!
The orc barely misses you.
The hobgoblin throws a stone.
The stone barely misses you.
The hobgoblin throws a stone.
The stone completely misses you. The orc misses you.
The hobgoblin throws a stone.
The stone misses you.
You see here 3 stones.
You bump into the rock wall.
The orc closely misses you. The orc priest hits you with a club!
The orc wizard miscasts a cantrip.
The hobgoblin throws a stone.
The stone hits you but does no damage.
You bump into the stone wall.
The orc priest calls down the wrath of Beogh upon you.
Pain shoots through your body!
Ouch! That really hurt!
The orc wizard hits you with a dagger.
* * * LOW HITPOINT WARNING * * *
The orc hits you with a war axe!
You die...

.... #...#...###.# .....
#.#.#..## #.# ......
###.#...#####.# ......
#.....>......<. ......
#...##.........
......######..##..........
.................>.#......
........####..##.#.#<..###
.........@o...##.#..##....
..#.....oo#...##.##..#####
# #..g.o..#...#.. ##...
#.......#..##.. ##.#
#.......#..# ..#
#.......#.#. .# #.......#
# #.......# ##.....##


You could see an orc priest, an orc wizard, 2 orcs and a hobgoblin.

Vanquished Creatures
  An orc (D:2)
  A ball python (D:2)
  4 bats
  3 giant cockroaches
  2 goblins (D:1)
  3 hobgoblins (D:1)
  5 jackals (D:2)
  2 kobolds
  A frilled lizard (D:1)
  A rat (D:1)
23 creatures vanquished.

Vanquished Creatures (collateral kills)
  A goblin (D:1)
  A hobgoblin (D:1)
  A jackal (D:2)
  A quokka (D:2)
4 creatures vanquished.

Grand Total: 27 creatures vanquished

Notes
Turn   | Place    | Note
-------+----------+-------------------------------------------
     0 | D:1      | Xenofane the Human Wizard began the quest for the Orb.
     0 | D:1      | Reached XP level 1. HP: 13/13 MP: 4/4
   690 | D:1      | Reached XP level 2. HP: 12/19 MP: 0/6
   948 | D:1      | Learned a level 2 spell: Blink
   951 | D:1      | Learned a level 2 spell: Call Imp
  1554 | D:2      | Reached XP level 3. HP: 23/24 MP: 6/8
  2081 | D:2      | Slain by an orc

Vault maps used:
D:1:      minmay_arrival_checkered_box
D:2:      cheibrodos_pilgrimage, nicolae_overflow_crystal_walls,
          corexii_hall_statues_deadend

Action                   || total
-------------------------++-------
Melee: Dagger            ||    41
       Unarmed           ||     4
       Spear             ||    20
       Long sword        ||    22
 Cast: Magic Dart        ||    23
       Call Imp          ||     2
  Use: Potion            ||     2
  Eat: Royal jelly       ||     1
       Chunk             ||     2
Armor: Robe              ||    24
       Skin              ||     7
Dodge: Dodged            ||    73
       Rpst.: Long sword ||     3

Table legend:
 A = Spawn XP
 B = Non-spawn XP
 C = Spawn XP percentage of total XP
 D = Spawn monster count
 E = Non-spawn monster count
 F = Spawn count percentage of total count
 G = Total turns spent on level
                    A         B        C        D         E        F      G
               +---------+---------+-------+---------+---------+-------+---------
         Total |       0 |      47 |   0.0 |       0 |      27 |   0.0 |  2081
               +---------+---------+-------+---------+---------+-------+---------
           D:1 |       0 |      22 |   0.0 |       0 |      13 |   0.0 |  1526
           D:2 |       0 |      25 |   0.0 |       0 |      14 |   0.0 |   555
               +---------+---------+-------+---------+---------+-------+---------
